 Dungeon Crawl Stone Soup version 0.30-b1-2-g02819fbbbe (webtiles) character file.

Game seed: 6366644211221041575

58 Luinha the Sneak (level 4, -8/26 HPs)
             Began as a Kobold Brigand on Dec 27, 2023.
             Was a Follower of Kikubaaqudgha.
             Mangled by a hell rat (12 damage)
             ... in a sewer on Jan 12, 2024.
             The game lasted 00:18:58 (1921 turns).

Luinha the Sneak (Kobold Brigand)                   Turns: 1921, Time: 00:18:59

Health: -8/26      AC:  5    Str:  8    XL:     4   Next: 20%
Magic:  4/4        EV: 14    Int: 12    God:    Kikubaaqudgha [*.....]
Gold:   56         SH:  0    Dex: 18    Spells: 2/3 levels left

rFire   . . .        h - +1 dagger (speed)
rCold   . . .        (no shield)
rNeg    . . .        b - +0 robe
rPois   .            o - +1 helmet
rElec   .            c - +0 cloak
rCorr   .            (no gloves)
SInv    .            (no boots)
Will    .....        m - amulet of faith
Stlth   +++          (no ring)
HPRegen 0.24/turn    (no ring)
MPRegen 0.09/turn

%: faith
@: very slow
A: small, no large weapons, nightstalker 3
a: Renounce Religion, Unearth Wretches


You were in a sewer.
You worshipped Kikubaaqudgha.
Kikubaaqudgha was aware of your devotion.
You visited 1 branch of the dungeon, and saw 3 of its levels.
You also visited: Sewer.

You collected 56 gold pieces.

Inventory:

Hand Weapons
 a - a +2 dagger
 f - a +0 short sword
 g - a +0 spear
 h - a +1 dagger of speed (weapon)
 i - a +0 falchion
Missiles
 d - 13 poisoned darts (quivered)
 e - 3 curare-tipped darts
Armour
 b - a +0 robe (worn)
 c - a +0 cloak (worn)
 o - a +1 helmet (worn)
Jewellery
 m - an amulet of faith (around neck)
Wands
 r - a wand of mindburst (2)
Scrolls
 k - a scroll of identify {unknown}
 n - a scroll of amnesia {unknown}
 p - a scroll of silence {unknown}
Potions
 j - 2 potions of lignification
 l - a potion of curing {unknown}
 q - a potion of might {unknown}


   Skills:
 + Level 2.2 Fighting
 * Level 3.1(3.2) Short Blades
 - Level 0.1(1.1) Long Blades
 - Level 2.1 Throwing
 * Level 1.9 Dodging
 * Level 6.6 Stealth
 * Level 0.3 Spellcasting
 * Level 0.9 Necromancy


You had 2 spell levels left.
You knew the following spells:

 Your Spells              Type           Power      Damage    Failure   Level
a - Necrotise             Necr           8%         1d4       22%         1

Your spell library contained the following spells:

 Spells                   Type           Power      Damage    Failure   Level
 Sublimation of Blood     Necr           2%         N/A       32%         2
 Cigotuvi's Dreadful Rot  Necr/Pois/Air  0%         N/A       41%         2
 Vampiric Draining        Necr           2%         2d6       54%         3
 Dazzling Flash           Conj/Hex       0%         N/A       69%         3
 Agony                    Necr           2%         N/A       99%         5
 Silence                  Hex/Air        0%         N/A       100%        5


Dungeon Overview and Level Annotations

Branches:
Dungeon (3/15)              Sewer (1/1)

Altars:
Kikubaaqudgha


Innate Abilities, Weirdness & Mutations

You are small and have problems with some larger weapons.
You are completely attuned to the shadows.


Message History

The hell rat barely misses you.
You hit the hell rat but do no damage.
The hell rat is lightly wounded.
You hit the hell rat.
The hell rat is moderately wounded.
The hell rat misses you.
You hit the hell rat but do no damage.
The hell rat is moderately wounded.
You hit the hell rat.
The hell rat is moderately wounded.
The hell rat splashes around in the water.
A river rat comes into view.
You hit the hell rat.
The hell rat is heavily wounded.
The hell rat bites you.
* * * LOW HITPOINT WARNING * * *
You hit the hell rat.
The hell rat is heavily wounded.
The hell rat splashes around in the water.
You enter the shallow water.
Moving in this stuff is going to be slow.
The hell rat barely misses you. x2
You enter the shallow water.
Moving in this stuff is going to be slow.
You see here a rat corpse.
The hell rat attacks as you move away! The hell rat completely misses you.
The river rat closely misses you.
You enter the shallow water.
Moving in this stuff is going to be slow.
The hell rat splashes around in the water.
The hell rat barely misses you.
The river rat bites you but does no damage.
You enter the shallow water.
Moving in this stuff is going to be slow.
The hell rat closely misses you. The river rat misses you.
The river rat bites you.
* * * LOW HITPOINT WARNING * * *
The hell rat bites you!
You die...
Kikubaaqudgha rasps: "You have failed me!
Welcome... death!"

#~~##~~! #.~#
#~.#~~~? #..#
#~~'~~(? #∩∩#
#~.#~~~! #~.#
#~†##~~!##~~#
#~~~#.~~#~~~#
##.~##~##..##
#~rr###~~.#
##~@~~.~~##
#~...~~.#
###~..###
#####


You could see a hell rat and a river rat.

Vanquished Creatures
  An adder (D:3)
  A river rat (Sewer)
  A dart slug (D:2)
  A bat (D:2)
  2 endoplasms
  5 giant cockroaches
  A goblin (D:2)
  4 hobgoblins
  8 jackals (D:1)
  A quokka (D:1)
  A ball python (D:3)
  2 frilled lizards
  3 kobolds
  3 rats
34 creatures vanquished.

Vanquished Creatures (others)
  A gnoll (D:2)
  4 plants (D:1)
5 creatures vanquished.

Grand Total: 39 creatures vanquished

Notes
Turn   | Place    | Note
-------+----------+-------------------------------------------
     0 | D:1      | Luinha the Kobold Brigand began the quest for the Orb.
     0 | D:1      | Reached XP level 1. HP: 12/12 MP: 1/1
   741 | D:1      | Found a faded altar of an unknown god.
   749 | D:1      | Reached XP level 2. HP: 17/17 MP: 2/2
   757 | D:1      | Prayed at the altar of an unknown god.
   757 | D:1      | Became a worshipper of Kikubaaqudgha
   757 | D:1      | Reached * piety under Kikubaaqudgha
   757 | D:1      | Received a gift from Kikubaaqudgha
   921 | D:1      | Reached skill level 6 in Stealth
  1023 | D:1      | Reached XP level 3. HP: 17/21 MP: 3/3
  1471 | D:2      | Learned a level 1 spell: Necrotise
  1759 | D:3      | Found a glowing drain.
  1830 | D:3      | Reached XP level 4. HP: 26/26 MP: 2/4
  1832 | Sewer    | Entered a sewer
  1921 | Sewer    | Mangled by a hell rat

Illustrated notes

Levels and vault maps discovered:
D:1:      wander_arrival_abandoned_jail, layout_loops_corners,
          chequers_ecumenical_altar_simple, serial_forest,
          infiniplex_forest_clump_medium, infiniplex_forest_clump_double,
          infiniplex_forest_lined_4_way, infiniplex_forest_straight_2,
          infiniplex_forest_clump_tiny, infiniplex_forest_zigzag_1,
          infiniplex_forest_clump_small
D:2:      layout_basic, uniq_natasha, uniq_crazy_yiuf_cottage
D:3:      cheibrodos_pilgrimage, layout_basic, mainiacjoe_overflow_catwalk,
          gup_sewer_entry_glass, st_stairs_7, dk_vineyard_2
Sewer:    sewer_hellmonk_bad_rat

Skill      XL: |  1  2  3 |
---------------+----------+-----
Stealth        | 6 |  6.6
Short Blades   | 3 |  3.1
Fighting       | |  2.2
Long Blades    | |  0.1
Throwing       | |  2.1
Dodging        | |  1.9
Spellcasting   | |  0.3
Necromancy     | |  0.9

Action                     |  1- 3 |  4- 6 || total
---------------------------+-------+-------++-------
  Melee: Dagger            |   371 |    46 ||   417
         Punch             |     6 |       ||     6
  Throw: Dart              |       |     1 ||     1
   Cast: Necrotise         |     2 |       ||     2
 Invoke: Unearth Wretches  |     2 |       ||     2
    Use: Potion            |     2 |       ||     2
   Stab: Sleeping          |    11 |       ||    11
         Paralysed         |     1 |       ||     1
 Armour: Skin              |     4 |       ||     4
         Robe              |    29 |     3 ||    32
  Dodge: Dodged            |    91 |    23 ||   114
